 Dungeon Crawl Stone Soup version 0.21.0-37-g46506fa (webtiles) character file.

231 tidbits the Charmwright (level 6, 12/50 HPs)
             Began as a Gnoll Skald on Feb 1, 2018.
             Was an Initiate of Cheibriados.
             Quit the game on level 6 of the Dungeon.
             The game lasted 00:12:16 (981 turns).

tidbits the Charmwright (Gnoll Skald)                Turns: 981, Time: 00:12:17

Health: 12/50      AC:  4    Str: 14    XL:     6   Next: 4%
Magic:  6/13       EV: 14    Int: 24    God:    Cheibriados [......]
Gold:   72         SH:  0    Dex: 15    Spells: 4/15 levels left

rFire    + . .     SeeInvis .   d - +0 dagger (drain)
rCold    + . .     Gourm    .   (no shield)
rNeg     + . .     Faith    .   b - +1 leather armour
rPois    +         Spirit   .   (no helmet)
rElec    +         Reflect  .   (no cloak)
rCorr    +         Harm     .   (no gloves)
MR       .....                  (no boots)
Stlth    ++........             (no amulet)
HPRegen  0.16/turn              e - ring of positive energy
MPRegen  0.13/turn              (no ring)

@: brilliant, mildly poisoned (12 -> 10), resistant, infused, very slow
A: distributed training, fangs 1, strong nose
a: Bend Time, Renounce Religion


You were on level 6 of the Dungeon.
You worshipped Cheibriados.
Cheibriados was noncommittal.
You were full.

You visited 1 branch of the dungeon, and saw 6 of its levels.

You collected 72 gold pieces.

Inventory:

Hand Weapons
 a - a +1 hand axe
 d - a +0 dagger of draining (weapon)
   (You found it on level 2 of the Dungeon)
 g - a +0 dagger
 j - a +0 hunting sling
Missiles
 h - 34 stones (quivered)
Armour
 b - a +1 leather armour (worn)
Jewellery
 e - a ring of positive energy (left hand)
   (You found it on level 4 of the Dungeon)
Scrolls
 p - a scroll of fog
Books
 f - a book of Battle

   Spells                             Type                      Level
   a - Infusion                       Charms                       1
   b - Shroud of Golubria             Charms/Translocation         2
   c - Song of Slaying                Charms                       2
   d - Spectral Weapon                Hexes/Charms                 3
   e - Regeneration                   Charms/Necromancy            3
Comestibles
 c - 3 rations


   Skills:
 + Level 4.9 Fighting
 + Level 1.7 Short Blades
 + Level 1.7 Long Blades
 + Level 4.9 Axes
 + Level 1.7 Maces & Flails
 + Level 1.7 Polearms
 + Level 1.7 Staves
 + Level 1.7 Slings
 + Level 1.7 Bows
 + Level 1.7 Crossbows
 + Level 1.7 Throwing
 + Level 3.1 Armour
 + Level 4.9 Dodging
 + Level 1.7 Stealth
 + Level 1.7 Shields
 + Level 1.7 Unarmed Combat
 + Level 5.2 Spellcasting
 + Level 1.3 Conjurations
 + Level 1.3 Hexes
 + Level 5.6 Charms
 + Level 1.3 Summonings
 + Level 1.3 Necromancy
 + Level 1.3 Translocations
 + Level 1.3 Transmutations
 + Level 1.3 Fire Magic
 + Level 1.3 Ice Magic
 + Level 1.3 Air Magic
 + Level 1.3 Earth Magic
 + Level 1.3 Poison Magic
 + Level 1.9 Invocations
 + Level 1.7 Evocations


You had 4 spell levels left.
You knew the following spells:

 Your Spells              Type           Power        Failure   Level  Hunger
g - Shroud of Golubria    Chrm/Tloc      #####.....   1%          2    None
i - Infusion              Chrm           ####         1%          1    None
r - Regeneration          Chrm/Necr      #####.....   1%          3    ##.....
w - Spectral Weapon       Hex/Chrm       #####...     1%          3    ##.....
y - Song of Slaying       Chrm           #####...     1%          2    None


Dungeon Overview and Level Annotations

Branches:
Dungeon (5/15)
 Temple: D:4-7

Altars:
Cheibriados
Hepliaklqana
Nemelex Xobeh
Vehumet
Zin


Innate Abilities, Weirdness & Mutations

Your experience applies equally to all skills.
You have very sharp teeth.
Your uncanny sense of smell can sniff out nearby items.


Message History

Confirm with . or Enter, or press ? or * to list all spells.
Your skin crawls.
Your skin is crawling a little less now.
A worker ant comes into view.
The helpless worker ant fails to defend itself.
You puncture the worker ant! Your bite misses the worker ant.
The worker ant is severely wounded.
Your skin stops crawling.
The worker ant bites you.
Casting: Regeneration
Confirm with . or Enter, or press ? or * to list all spells.
You don't know that spell.
Casting: Regeneration
Confirm with . or Enter, or press ? or * to list all spells.
You don't know that spell.
Casting: Regeneration
Confirm with . or Enter, or press ? or * to list all spells.
You begin infusing your attacks with magical energy.
The worker ant bites you.
* * * LOW HITPOINT WARNING * * *
You are poisoned.
The worker ant poisons you!
Unknown command.
You hit the worker ant.
The worker ant is almost dead.
You feel sick. The worker ant closely misses you.
You hit the worker ant.
The worker ant is almost dead.
You feel sick. The worker ant bites you.
* * * LOW HITPOINT WARNING * * *
You are more poisoned.
The worker ant poisons you!
You hit the worker ant but do no damage.
You drain the worker ant!
You kill the worker ant!
Cheibriados thoroughly appreciates the change of pace.
You have reached level 6!
Your experience leads to an increase in your attributes!
Your base attributes are Str 13, Int 17, Dex 14.
Increase (S)trength, (I)ntelligence, or (D)exterity?
You feel clever.
You feel sick.
Okay, then.
Casting: Infusion
Confirm with . or Enter, or press ? or * to list all spells.
Your skin crawls.
You feel sick.
Unknown command.
It was a potion of brilliance.
You feel clever all of a sudden.
You feel sick.
It was a potion of resistance.
You feel protected.
You feel sick.
You feel sick.
There is a shaft here.
You fall through a shaft for 2 floors!
The shaft crumbles and collapses.
You hear the sound of rushing water.
There is an entrance to a sewer on this level.
Hurry and find it before the portal rusts away!
A bullfrog, a black bear and a phantom come into view.
You feel sick.
You feel sick.
A leopard gecko comes into view.
Your skin is crawling a little less now.
You feel sick.
You feel sick.
You feel sick.
You feel sick.
A jelly comes into view.
Your skin stops crawling.
Found an escape hatch in the floor.
You feel sick.
The phantom blinks!
Unknown command.
As you read the scroll labeled RAHUQIHATI, it crumbles to dust.
The dust glows dark indigo!
It was a scroll of random uselessness.
The phantom misses you.
As you read the scroll labeled WEK QYOMEOT, it crumbles to dust.
It is a scroll of enchant weapon.
Your +0 hand axe glows red for a moment.
You feel sick. The leopard gecko closely misses you. The phantom hits you!
* * * LOW HITPOINT WARNING * * *
The phantom blinks!
Unknown command.
As you read the scroll labeled JODUONA QUFFA, it crumbles to dust.
You hear a loud clanging noise!
It was a scroll of noise.
The jelly quivers.
You hear an angry hiss.
You hear a shout! x3; You hear a loud, deep croak!
You hear a shout! x6
The leopard gecko bites you.
* * * LOW HITPOINT WARNING * * *
An orc and an orc wizard come into view.
As you read the scroll labeled PUUKHO MIYDEAMN, it crumbles to dust.
It is a scroll of enchant armour.
Your +0 leather armour glows green for a moment.
You feel sick. The leopard gecko closely misses you.
The phantom blinks!
You aren't carrying any potions.
Unknown command.
Okay, then.
Are you sure you want to abandon this character and quit the game? (Confirm with "yes".)

#.............
#.............
#.............
##......F..F...
#.......##+####
#.......#
#.......#
#.hl....#
#.@.....#
#...........#
+...........#
#.......J...#
#.ยง.........#
#...W.......#
#oo.......>.#
..#+####.....


You could see a phantom, a black bear, a bullfrog, a jelly, an orc wizard, an
orc and a leopard gecko.

Vanquished Creatures
  A scorpion (D:4)
  A bullfrog skeleton (D:4)
  3 worker ants
  4 adders
  An ooze (D:2)
  An adder skeleton (D:2)
  An adder zombie (D:2)
  A worm (D:3)
  3 dart slugs
  A leopard gecko (D:4)
  A giant cockroach (D:1)
  4 goblins (D:2)
  2 hobgoblins
  A quokka (D:2)
  6 bats (D:2)
  2 frilled lizards
  2 giant cockroach zombies (D:2)
  4 kobolds
  A leopard gecko zombie (D:2)
  4 rats
44 creatures vanquished.

Notes
Turn   | Place    | Note
-------+----------+-------------------------------------------
     0 | D:1      | tidbits the Gnoll Skald began the quest for the Orb.
     0 | D:1      | Reached XP level 1. HP: 20/20 MP: 6/6
    78 | D:1      | Reached XP level 2. HP: 17/26 MP: 7/7
    82 | D:1      | Learned a level 2 spell: Song of Slaying
    85 | D:1      | Learned a level 2 spell: Shroud of Golubria
   137 | D:2      | Found a radiant altar of Vehumet.
   205 | D:2      | Found a glowing silver altar of Zin.
   205 | D:2      | Found a sparkling altar of Nemelex Xobeh.
   370 | D:2      | Found a hazy altar of Hepliaklqana.
   371 | D:2      | Found a snail-covered altar of Cheibriados.
   380 | D:2      | Reached skill level 5 in Spellcasting
   380 | D:2      | Reached XP level 3. HP: 29/31 MP: 3/9
   385 | D:2      | Learned a level 3 spell: Regeneration
   389 | D:2      | Learned a level 3 spell: Spectral Weapon
   394 | D:2      | Became a worshipper of Cheibriados the Contemplative
   546 | D:2      | Reached skill level 1 in Invocations
   561 | D:2      | Reached skill level 1 in Short Blades
   561 | D:2      | Reached skill level 1 in Long Blades
   561 | D:2      | Reached skill level 1 in Maces & Flails
   561 | D:2      | Reached skill level 1 in Polearms
   561 | D:2      | Reached skill level 1 in Staves
   561 | D:2      | Reached skill level 1 in Slings
   561 | D:2      | Reached skill level 1 in Bows
   561 | D:2      | Reached skill level 1 in Crossbows
   561 | D:2      | Reached skill level 1 in Throwing
   561 | D:2      | Reached skill level 1 in Stealth
   561 | D:2      | Reached skill level 1 in Shields
   561 | D:2      | Reached skill level 1 in Unarmed Combat
   561 | D:2      | Reached skill level 1 in Evocations
   576 | D:2      | HP: 3/31 [adder skeleton (3)]
   581 | D:2      | Reached XP level 4. HP: 4/38 MP: 11/11
   601 | D:2      | HP: 3/38 [goblin (1)]
   606 | D:2      | HP: 3/38 [goblin (1)]
   774 | D:4      | Noticed an ogre
   774 | D:4      | Noticed an ogre
   799 | D:4      | Reached skill level 1 in Conjurations
   799 | D:4      | Reached skill level 1 in Hexes
   799 | D:4      | Reached skill level 1 in Summonings
   799 | D:4      | Reached skill level 1 in Necromancy
   799 | D:4      | Reached skill level 1 in Translocations
   799 | D:4      | Reached skill level 1 in Transmutations
   799 | D:4      | Reached skill level 1 in Fire Magic
   799 | D:4      | Reached skill level 1 in Ice Magic
   799 | D:4      | Reached skill level 1 in Air Magic
   799 | D:4      | Reached skill level 1 in Earth Magic
   799 | D:4      | Reached skill level 1 in Poison Magic
   805 | D:4      | Reached XP level 5. HP: 25/43 MP: 0/12
   891 | D:4      | Reached skill level 3 in Armour
   938 | D:5      | Entered Level 5 of the Dungeon
   964 | D:4      | Reached XP level 6. HP: 19/50 MP: 7/13
   969 | D:4      | You fall through a shaft for 2 floors!
   969 | D:6      | Noticed a phantom
   969 | D:6      | Noticed a black bear
   981 | D:6      | Quit the game

Skill      XL: |  1  2  3  4  5 |
---------------+----------------+-----
Spellcasting   | 5 |  5.2
Invocations    | 1 |  1.9
Short Blades   | 1 |  1.7
Long Blades    | 1 |  1.7
Maces & Flails | 1 |  1.7
Polearms       | 1 |  1.7
Staves         | 1 |  1.7
Slings         | 1 |  1.7
Bows           | 1 |  1.7
Crossbows      | 1 |  1.7
Throwing       | 1 |  1.7
Stealth        | 1 |  1.7
Shields        | 1 |  1.7
Unarmed Combat | 1 |  1.7
Evocations     | 1 |  1.7
Conjurations   | 1 |  1.3
Hexes          | 1 |  1.3
Summonings     | 1 |  1.3
Necromancy     | 1 |  1.3
Translocations | 1 |  1.3
Transmutations | 1 |  1.3
Fire Magic     | 1 |  1.3
Ice Magic      | 1 |  1.3
Air Magic      | 1 |  1.3
Earth Magic    | 1 |  1.3
Poison Magic   | 1 |  1.3
Armour         | 3 |  3.1
Fighting       | |  4.9
Axes           | |  4.9
Dodging        | |  4.9
Charms         | |  5.6

Action                   |  1- 3 |  4- 6 || total
-------------------------+-------+-------++-------
Melee: Dagger            |    65 |    58 ||   123
       Hand axe          |     7 |    14 ||    21
       Bite              |     5 |     9 ||    14
       Unarmed           |    10 |       ||    10
       Punch             |       |     1 ||     1
Throw: Stone             |     2 |       ||     2
 Cast: Infusion          |     3 |     6 ||     9
       Regeneration      |       |     8 ||     8
Invok: Bend Time         |     1 |     2 ||     3
 Abil: Evoke Berserk Rag |     1 |       ||     1
  Use: Scroll            |     3 |     7 ||    10
       Potion            |     1 |     3 ||     4
 Stab: Sleeping          |     1 |     2 ||     3
  Eat: Ration            |     1 |     1 ||     2
Armor: Leather armour    |    33 |     5 ||    38
       Skin              |    13 |       ||    13
Dodge: Dodged            |    78 |    71 ||   149

Table legend:
 A = Turns spent in this place as a percentage of turns spent in the entire game.
 B = Non-inter-level travel turns spent in this place as a percentage of non-inter-level travel turns spent in the entire game.
 C = Inter-level travel turns spent in this place as a percentage of turns spent in this place.
 D = Turns resting spent in this place as a percentage of non-inter-level travel turns spent in this place.
 E = Turns spent auto-exploring this place as a percentage of non-inter-level travel turns spent in this place.
 F = Non-inter-level travel turns spent in this place divided by the number of levels of this place that you've seen.
                   A       B       C       D       E      F
               +-------+-------+-------+-------+-------+----------------------
         Total | 100.0 | 100.0 |   2.0 |   0.0 |   0.0 | 160.2
       Dungeon | 100.0 | 100.0 |   2.0 |   0.0 |   0.0 | 160.2
               +-------+-------+-------+-------+-------+----------------------

Table legend:
 A = Kills in this place as a percentage of kills in entire the game.
 B = Kills by you in this place as a percentage of kills by you in the entire game.
 C = Kills by friends in this place as a percentage of kills by friends in the entire game.
 D = Other kills in this place as a percentage of other kills in the entire game.
 E = Experience gained in this place as a percentage of experience gained in the entire game.
 F = Experience gained in this place divided by the number of levels of this place that you have seen.
                   A       B       C       D       E      F
               +-------+-------+-------+-------+-------+----------------------
         Total | 100.0 | 100.0 |   N/A |   N/A | 100.0 |  55.2
       Dungeon | 100.0 | 100.0 |   N/A |   N/A | 100.0 |  55.2
               +-------+-------+-------+-------+-------+----------------------

Vault maps used:
D:1:      lightli_iron_boxes
D:2:      old_standard_altar, chequers_temple_overflow_statue_of_worship,
          gammafunk_temple_overflow_statue, serial_undead, serial_undead_f,
          serial_undead_a, serial_undead_b, serial_undead_e, serial_undead_b,
          serial_undead_c, serial_undead_d, serial_undead_c, first_ration
D:3:      kennysheep_nondescript
D:4:      nicolae_dithmenos_shadow_blocks, kennysheep_small_circle
D:5:      minmay_temple_entry_hall
D:6:      lightli_sewer_entry_pipes
